 Dungeon Crawl Stone Soup version 0.26-a0-612-gd4d190f (webtiles) character file.

Game seed: 4833596528947864968

95 Hazorath the Skirmisher (level 4, -3/29 HPs)
             Began as a Kobold Fighter on Sept 9, 2020.
             Killed from afar by an orc wizard (10 damage)
             ... with a puff of flame
             ... on level 3 of the Dungeon.
             The game lasted 00:04:04 (3061 turns).

Hazorath the Skirmisher (Kobold Fighter)            Turns: 3061, Time: 00:04:05

Health: -3/29      AC:  6    Str: 14    XL:     4   Next: 97%
Magic:  13/13      EV: 11    Int:  9    God:
Gold:   106        SH:  0    Dex: 14    Spells: 3/3 levels left

rFire    . . .     SeeInvis .     - Unarmed
rCold    . . .     Faith    +   (shield restricted)
rNeg     . . .     Spirit   .   a - +0 scale mail
rPois    .         Reflect  .   (no helmet)
rElec    .         Harm     .   (no cloak)
rCorr    .                      (no gloves)
MR       .....                  (no boots)
Stlth    +.........             i - amulet of faith
HPRegen  0.09/turn              f - ring of magical power
MPRegen  0.13/turn              (no ring)

@: about to teleport
A: small, nightstalker 3
a: no special abilities


You were on level 3 of the Dungeon.
You visited 1 branch of the dungeon, and saw 3 of its levels.

You collected 106 gold pieces.

Inventory:

Missiles
 b - 15 sling bullets
Armour
 a - a +0 scale mail (worn)
 d - a +0 chain mail
Jewellery
 f - a ring of magical power (left hand)
 i - an amulet of faith (around neck)
Scrolls
 e - a scroll of identify
 g - a scroll of magic mapping
Potions
 c - a potion of might
 j - a potion of haste {unknown}


   Skills:
 + Level 4.2 Fighting
 - Level 2.4 Armour
   Level 2.4 Shields
 * Level 4.0 Unarmed Combat


You had 3 spell levels left.
You didn't know any spells.
Your spell library was empty.

Dungeon Overview and Level Annotations

Branches:
Dungeon (3/15)

Altars:
The Shining One


Innate Abilities, Weirdness & Mutations

You are small and have problems with some larger weapons.
You are completely attuned to the shadows.


Message History

The worm barely misses you. The orc wizard casts a spell at you.
The magic dart hits you.
* * * LOW HITPOINT WARNING * * *
The orc wizard casts a spell at you. You resist with some effort.
As you read the scroll labeled ITYIDA TAIS, it crumbles to dust.
It is a scroll of identify.
g - a scroll of magic mapping
As you read the scroll labeled UTODOE QEPU, it crumbles to dust.
You feel strangely unstable.
It was a scroll of teleportation.
The orc wizard hits you but does no damage.
You completely miss the orc wizard. The orc wizard casts a spell at you.
You resist with some effort.
You barely miss the orc wizard. You barely miss the orc wizard.
The orc wizard gestures at you while chanting.
The puff of flame hits you!
You die...

#...# #.........#
#.#.###..#.#..#.#
#.#.....>.....#.#
###.######.####.#.#
.........##......#.#
#.........#########.#
#.........# #.#####
##.........#######
#......
#..........#.@...#
##)....
#....<...#o....#
#[###.
##.........w....#
#.###.
#......w..#.....#
#.#..
#)........#.....#
#.#.# #
#......#########
#.#.##.# ###..###
#......# #......#
#########.###
##.##.#.# #.......#.#


You could see a worm and an orc wizard.

Vanquished Creatures
  An orc wizard (D:3)
  A howler monkey skeleton (D:3)
  A leopard gecko (D:2)
  11 orcs
  2 giant cockroaches
  5 goblins
  6 hobgoblins
  5 kobolds
  A quokka (D:2)
  2 bats
  3 frilled lizards
  6 rats
44 creatures vanquished.

Notes
Turn   | Place    | Note
-------+----------+-------------------------------------------
     0 | D:1      | Hazorath the Kobold Fighter began the quest for the Orb.
     0 | D:1      | Reached XP level 1. HP: 14/14 MP: 1/1
   188 | D:1      | Reached XP level 2. HP: 4/19 MP: 2/2
  1537 | D:2      | Reached XP level 3. HP: 24/24 MP: 3/3
  2106 | D:2      | Found a glowing golden altar of the Shining One.
  2359 | D:3      | Reached XP level 4. HP: 18/29 MP: 4/4
  3042 | D:3      | HP: 1/29 [something (2)]
  3061 | D:3      | Killed from afar by an orc wizard

Illustrated notes

Levels and vault maps discovered:
D:1:      shiori_arrival_oz, layout_basic, kennysheep_doodads,
          minmay_misc_feat_room
D:2:      layout_loops_ring, tso_metal_star
D:3:      layout_loops_cross, amethyst_killhole

Skill      XL: |  1  2  3  4 |
---------------+-------------+-----
Unarmed Combat | 3 4 |  4.0
Fighting       | 4 |  4.2
Armour         | |  2.4
Shields        | |  2.4

Action                   |  1- 3 |  4- 6 || total
-------------------------+-------+-------++-------
Melee: Unarmed           |   145 |    83 ||   228
       Punch             |     2 |     1 ||     3
  Use: Scroll            |     2 |     2 ||     4
       Potion            |       |     1 ||     1
Armor: Scale mail        |    38 |    37 ||    75
Dodge: Dodged            |    53 |    51 ||   104

Table legend: (Time is in decaauts)
 A = Elapsed time spent in this place.
 B = Non-inter-level travel time spent in this place.
 C = Inter-level travel time spent in this place.
 D = Time resting spent in this place.
 E = Time spent auto-exploring this place.
 F = Levels seen in this place.
 G = Mean time per level.
                   A        B        C        D        E       F      G
               +--------+--------+--------+--------+--------+-----+--------+
         Total |   3047 |   2918 |    129 |   1165 |   1361 |   3 | 1015.7 |
       Dungeon |   3047 |   2918 |    129 |   1165 |   1361 |   3 | 1015.7 |
               +--------+--------+--------+--------+--------+-----+--------+

Top non-repeatable levels by time:
     D:1: 1176 daAuts
     D:2: 1116 daAuts
     D:3: 753 daAuts
